 Dungeon Crawl Stone Soup version 0.21.1-1-g345015fe64 (webtiles) character file.

469 Oravi the Changer (level 7, -3/49 HPs)
             Began as a Merfolk Transmuter on May 15, 2018.
             Shot with an arrow by a centaur (15 damage)
             ... on level 5 of the Dungeon.
             The game lasted 00:14:01 (4045 turns).

Oravi the Changer (Merfolk Transmuter)              Turns: 4045, Time: 00:14:01

Health: -3/49      AC:  2    Str: 10    XL:     7   Next: 9%
Magic:  4/10       EV: 21    Int: 16    God:
Gold:   134        SH:  0    Dex: 20    Spells: 5/10 levels left

rFire    . . .     SeeInvis .     - Unarmed
rCold    . . .     Gourm    .   (shield currently unavailable)
rNeg     . . .     Faith    .   (armour currently unavailable)
rPois    x         Spirit   .   (helmet currently unavailable)
rElec    .         Reflect  .   (cloak currently unavailable)
rCorr    .         Harm     .   (gloves currently unavailable)
MR       .....                  (boots currently unavailable)
Stlth    ++........             (no amulet)
HPRegen  0.16/turn              k - +2 ring of intelligence
MPRegen  0.12/turn              (no ring)

@: spider-form (expiring), very slightly contaminated
A: tiny, (change form in water), (swift swim), (stealthy swim)
a: End Transformation


You were on level 5 of the Dungeon.
You were hungry.
You were a venomous arachnid creature.
You visited 1 branch of the dungeon, and saw 5 of its levels.
You also visited: Sewer.

You collected 134 gold pieces.

Inventory:

Missiles
 a - 55 arrows
Armour
 b - a +1 robe (melded)
 m - a +3 leather armour
Jewellery
 k - a +2 ring of intelligence (left front leg)
Scrolls
 f - a scroll of amnesia
 g - a scroll of enchant weapon
 i - a scroll of teleportation
 q - a scroll of fear
 t - a scroll of remove curse
 x - a scroll of enchant armour
Potions
 e - a potion of degeneration {unknown}
 h - 5 potions of might {unknown}
 j - a potion of berserk rage {unknown}
 n - a potion of magic {unknown}
 o - 4 potions of agility {unknown}
 p - 3 potions of heal wounds {unknown}
 r - a potion of mutation {unknown}
 s - 3 potions of lignification {unknown}
 z - 5 potions of curing {unknown}
 A - a potion of flight {unknown}
Books
 c - a book of Changes

   Spells                             Type                      Level
   a - Beastly Appendage              Transmutation                1
   b - Sticks to Snakes               Transmutation                2
   c - Spider Form                    Transmutation/Poison         3
   d - Ice Form                       Ice/Transmutation            4
   e - Blade Hands                    Transmutation                5
Comestibles
 d - 6 rations


   Skills:
 + Level 1.7 Fighting
 + Level 3.2 Dodging
 * Level 6.4 Unarmed Combat
 - Level 2.0 Spellcasting
 - Level 6.5 Transmutations


You had 5 spell levels left.
You knew the following spells:

 Your Spells              Type           Power        Failure   Level  Hunger
a - Spider Form           Tmut/Pois      ##........   34%         3    ###....
b - Sticks to Snakes      Tmut           ###.....     8%          2    ###....


Dungeon Overview and Level Annotations

Branches:
Dungeon (5/15)
 Temple: D:4-7

Altars:

Annotations:
D:3 Svkov's ghost, amateur HOFi


Message History

You hit the ice beast.
The ice beast is moderately wounded.
The ice beast completely misses you.
You hit the ice beast but do no damage.
The ice beast looks as sick as possible!
The ice beast is moderately wounded.
The ice beast closely misses you.
You bite the ice beast!
The ice beast looks as sick as possible!
The ice beast is severely wounded.
The ice beast hits you. The ice beast freezes you!
* * * LOW HITPOINT WARNING * * *
Your transformation is almost over.
There is a stone staircase leading up here.
A centaur comes into view.
You kill the ice beast!
Your Dodging skill increases to level 3!
You have reached level 7!
The centaur wields a shortbow.
The centaur shoots an arrow.
The arrow hits you!
You die...

.(....# #....#
#...# ##.######
.# #......?#
....###<.####.#
.........#
.######.## #s#
#.......#
####c#### #


You could see a centaur.

Vanquished Creatures
  An ice beast (D:5)
  3 big kobolds (Sewer)
  A worker ant (D:4)
  A gnoll (D:1)
  3 adders
  3 oozes
  2 worms (D:4)
  A dart slug (D:2)
  4 orcs (D:4)
  3 ball pythons
  11 bats
  5 giant cockroaches
  8 goblins
  9 hobgoblins
  15 kobolds
  11 frilled lizards
  12 rats
93 creatures vanquished.

Notes
Turn   | Place    | Note
-------+----------+-------------------------------------------
     0 | D:1      | Oravi the Merfolk Transmuter began the quest for the Orb.
     0 | D:1      | Reached XP level 1. HP: 15/15 MP: 3/3
   161 | D:1      | Reached XP level 2. HP: 21/21 MP: 3/5
   725 | D:1      | Reached XP level 3. HP: 11/26 MP: 4/6
   906 | D:1      | Learned a level 2 spell: Sticks to Snakes
   910 | D:1      | Learned a level 3 spell: Spider Form
  1265 | D:2      | Reached XP level 4. HP: 32/32 MP: 1/7
  2176 | D:3      | Noticed Svkov's ghost (amateur HOFi)
  2830 | D:4      | Reached skill level 5 in Transmutations
  2830 | D:4      | Reached XP level 5. HP: 28/37 MP: 4/8
  2913 | D:4      | Found a glowing drain.
  2938 | Sewer    | Entered a sewer
  2984 | Sewer    | Noticed a big kobold
  2994 | Sewer    | Killed a big kobold
  2994 | Sewer    | Reached skill level 5 in Unarmed Combat
  3184 | Sewer    | Noticed a big kobold
  3194 | Sewer    | Killed a big kobold
  3194 | Sewer    | Reached XP level 6. HP: 36/43 MP: 4/9
  4029 | D:5      | Entered Level 5 of the Dungeon
  4030 | D:5      | Noticed an ice beast
  4045 | D:5      | Killed an ice beast
  4045 | D:5      | Reached XP level 7. HP: 12/49 MP: 4/10
  4045 | D:5      | Shot with an arrow by a centaur

Skill      XL: |  1  2  3  4  5  6 |
---------------+-------------------+-----
Transmutations | 3 4 5 6 |  6.5
Unarmed Combat | 4 5 6 |  6.4
Dodging        | 3 |  3.2
Fighting       | |  1.7
Spellcasting   | |  2.0

Action                   |  1- 3 |  4- 6 |  7- 9 || total
-------------------------+-------+-------+-------++-------
Melee: Unarmed           |    95 |   135 |       ||   230
       Headbutt          |     8 |     1 |       ||     9
       Punch             |     2 |       |       ||     2
 Cast: Beastly Appendage |    12 |     1 |       ||    13
       Spider Form       |     6 |    32 |       ||    38
  Use: Scroll            |       |    11 |       ||    11
 Stab: Sleeping          |     2 |     4 |       ||     6
  Eat: Chunk             |     2 |    10 |       ||    12
       Ration            |       |     1 |       ||     1
Armor: Robe              |    12 |     8 |       ||    20
       Skin              |     1 |    10 |       ||    11
Dodge: Dodged            |    69 |   128 |       ||   197
